 Dungeon Crawl Stone Soup version 0.28.0 (webtiles) character file.

Game seed: 2870877497263482860

1934 Lathuz the Geomancer (level 9, -8/54 HPs)
             Began as a Gargoyle Earth Elementalist on Feb 9, 2022.
             Was a Follower of Vehumet.
             Mangled by a yak (12 damage)
             ... on level 5 of the Dungeon.
             The game lasted 00:16:52 (5928 turns).

Lathuz the Geomancer (Gargoyle Earth Elementalist)  Turns: 5928, Time: 00:16:53

Health: -8/54      AC:  9    Str: 12    XL:     9   Next: 17%
Magic:  1/18       EV: 11    Int: 20    God:    Vehumet [*.....]
Gold:   477        SH:  3    Dex: 10    Spells: 16/20 levels left

rFire   . . .      SeeInvis .   r - +3 spear
rCold   . . .      Faith    .   u - +0 buckler
rNeg    + . .      Spirit   .   b - +0 robe
rPois   ∞          Reflect  .   (no helmet)
rElec   +          Harm     .   k - +0 cloak
rCorr   .          Rampage  .   (no gloves)
Will    .....                   (no boots)
Stlth   ++........              (no amulet)
HPRegen 0.18/turn               (no ring)
MPRegen 0.16/turn               (no ring)

@: about to teleport
A: sickness immunity, AC +6, negative energy resistance 1, electricity
resistance, torment resistance 1, petrification resistance
a: Renounce Religion


You were on level 5 of the Dungeon.
You worshipped Vehumet.
Vehumet was aware of your devotion.
You visited 2 branches of the dungeon, and saw 7 of its levels.

You collected 477 gold pieces.

Inventory:

Hand Weapons
 r - a +3 spear (weapon)
Missiles
 i - 6 javelins
 m - 7 poisoned darts
 s - 56 stones
Armour
 b - a +0 robe (worn)
 k - a +0 cloak (worn)
 u - a +0 buckler (worn)
Jewellery
 v - an amulet of faith
Wands
 p - a wand of paralysis (6)
Scrolls
 a - a scroll of brand weapon {unknown}
 g - a scroll of acquirement {unknown}
 l - 2 scrolls of amnesia {unknown}
 q - a scroll of enchant armour {unknown}
 Y - 2 scrolls of teleportation {@r3}
Potions
 c - a potion of lignification {unknown}
 d - a potion of heal wounds {unknown}
 e - 2 potions of mutation {unknown}
 f - a potion of cancellation {unknown}
 h - 2 potions of brilliance {unknown}
 j - 2 potions of curing {unknown}
 n - 2 potions of magic {unknown}
 o - 2 potions of degeneration {unknown}
 t - a potion of might {unknown}
 R - a potion of resistance


   Skills:
 + Level 5.4 Fighting
 - Level 1.5 Dodging
 - Level 2.1 Stealth
 + Level 6.0 Spellcasting
 + Level 6.0 Conjurations
 - Level 0.7 Transmutations
 + Level 8.3 Earth Magic


You had 16 spell levels left.
You knew the following spells:

 Your Spells              Type           Power      Damage    Failure   Level
a - Sandblast             Erth           78%        2d17      1%          1
x - Stone Arrow           Conj/Erth      68%        3d11      2%          3

Your spell library contained the following spells:

 Spells                   Type           Power      Damage    Failure   Level
 Searing Ray              Conj           60%        2d6       1%          2
 Passwall                 Tmut/Erth      20%        N/A       3%          2
 Conjure Flame            Conj/Fire      18%        6-21      12%         3
 Petrify                  Tmut/Erth      24%        N/A       22%         4
 Ignite Poison            Fire/Tmut/Pois 6%         N/A       36%         3
 Sticky Flame             Conj/Fire      18%        2d4       38%         4


Dungeon Overview and Level Annotations

Branches:
Dungeon (6/15)             Temple (1/1) D:4

Altars:
Ashenzari
Elyvilon
Hepliaklqana
Kikubaaqudgha
Okawaru
Qazlal
Uskayaw
Vehumet
Wu Jian
Zin
Beogh

Shops:
D:5 **

Annotations:
D:4 1 transporter
D:5 3 runed translucent doors, Galthrax's ghost, weakling OgDe


Innate Abilities, Weirdness & Mutations

You are immune to sickness and miasma.
Your stone body is resilient. (AC +6)
You are immune to poison.
You resist negative energy. (rN+)
You are resistant to electric shocks. (rElec)
You are resistant to unholy torment.
You are immune to petrification.


Message History

Confirm with . or Enter, or press ? or * to list all spells.
Aiming: Sandblast (safe; 1% risk of failure)
Press: ? - help, Shift-Dir - straight line, f/p - yak
Aim: a yak (severely wounded, 89% to hit)
The blast of sand hits the yak!
The yak is almost dead.
The yak gores you.
* * * LOW HITPOINT WARNING * * *
Casting: Sandblast (safe; 1% risk of failure)
Confirm with . or Enter, or press ? or * to list all spells.
Aiming: Sandblast (safe; 1% risk of failure)
Press: ? - help, Shift-Dir - straight line, f/p - yak
Aim: a yak (almost dead, 89% to hit)
The blast of sand hits the yak!!
You kill the yak!
The yak gores you.
* * * LOW HITPOINT WARNING * * *
Your Spellcasting skill increases to level 6!
Your Conjurations skill increases to level 6!
Casting: Sandblast (safe; 1% risk of failure)
Confirm with . or Enter, or press ? or * to list all spells.
You don't have enough magic to cast this spell.
Unknown command.
Okay, then.
You hit the yak.
The yak is moderately wounded.
The yak gores you.
* * * LOW HITPOINT WARNING * * *
You barely miss the yak.
The yak is moderately wounded.
You puncture the yak!
The yak is heavily wounded.
The yak gores you!
* * * LOW HITPOINT WARNING * * *
Okay, then.
Okay, then.
As you read the scroll of teleportation {@r3}, it crumbles to dust.
You feel strangely unstable. The yak gores you!
You die...

#### #.#. ##≈≈≈
#_...
##############≈≈≈
##.....).[...###.#
#......[.###..####
#@.......# #..(...
#.Y.####.###......
#>..#.............
#...#8............
#...#######+++####
#...##..oo.oo.oo..
#...##....#####...
#....#.###.....###
#..###.#8#..8..#8#


You could see a yak.

Vanquished Creatures
  Grinder (D:5)
  2 fire bats (D:4)
  2 yaks
  A water moccasin (D:5)
  A black bear (D:5)
  A centaur (D:5)
  A gnoll sergeant (D:5)
  4 scorpions
  2 hounds (D:5)
  An orc priest (D:4)
  Crazy Yiuf (D:3)
  Ijyb (D:3)
  Terence (D:3)
  An orc wizard (D:5)
  2 iguanas (D:5)
  2 hound skeletons (D:5)
  5 adders
  13 gnolls
  A shadow imp (D:5)
  A white imp (D:5)
  4 ufetubi
  A dart slug (D:2)
  9 orcs
  6 bats
  10 endoplasms
  2 giant cockroaches (D:3)
  14 goblins
  13 hobgoblins
  6 quokkas
  4 ball pythons
  3 frilled lizards
  12 kobolds
  9 rats
137 creatures vanquished.

Notes
Turn   | Place    | Note
-------+----------+-------------------------------------------
     0 | D:1      | Lathuz the Gargoyle Earth Elementalist began the quest for
                  | the Orb.
     0 | D:1      | Reached XP level 1. HP: 10/10 MP: 3/3
   232 | D:1      | Reached skill level 4 in Earth Magic
   232 | D:1      | Reached XP level 2. HP: 14/15 MP: 1/5
   999 | D:2      | Reached XP level 3. HP: 19/19 MP: 4/6
  1368 | D:2      | Learned a level 3 spell: Stone Arrow
  1377 | D:2      | Reached XP level 4. HP: 24/24 MP: 4/8
  1474 | D:2      | Found a faded altar of an unknown god.
  1795 | D:3      | Reached skill level 1 in Conjurations
  1795 | D:3      | Reached skill level 5 in Earth Magic
  1927 | D:3      | Noticed Terence
  1941 | D:3      | Killed Terence
  1942 | D:3      | Reached XP level 5. HP: 20/28 MP: 2/10
  2043 | D:3      | Noticed Ijyb
  2347 | D:4      | Found a staircase to the Ecumenical Temple.
  2357 | D:4      | Reached XP level 6. HP: 32/33 MP: 3/11
  2363 | Temple   | Entered the Ecumenical Temple
  2442 | Temple   | Became a worshipper of Vehumet
  2556 | D:4      | Found an ornate altar of the Wu Jian Council.
  2597 | D:4      | Found a transporter.
  2601 | D:4      | Noticed a fire bat
  2637 | D:4      | Found a transporter.
  2649 | D:4      | Noticed a fire bat
  2652 | D:4      | Killed a fire bat
  2653 | D:4      | Reached skill level 1 in Fighting
  2653 | D:4      | Reached skill level 6 in Earth Magic
  2656 | D:4      | Killed a fire bat
  2657 | D:4      | Reached XP level 7. HP: 33/40 MP: 5/13
  2792 | D:4      | Found a white marble altar of Elyvilon.
  2821 | D:4      | Found a hide-covered altar of Uskayaw.
  2826 | D:4      | Found a stormy altar of Qazlal.
  3058 | D:4      | Found a stormy altar of Qazlal.
  3058 | D:4      | Found a hide-covered altar of Uskayaw.
  3080 | D:4      | Found a transporter.
  3109 | D:4      | Found a transporter.
  3142 | D:4      | Found a staircase to the Ecumenical Temple.
  3249 | D:4      | Found an ornate altar of the Wu Jian Council.
  3338 | D:4      | Found a white marble altar of Elyvilon.
  3427 | D:5      | Entered Level 5 of the Dungeon
  3873 | D:5      | Reached XP level 8. HP: 36/46 MP: 2/15
  3875 | D:5      | Reached skill level 5 in Spellcasting
  3875 | D:5      | Reached skill level 7 in Earth Magic
  4103 | D:5      | Found Razaerch's Assorted Antiques.
  4282 | D:5      | Reached * piety under Vehumet
  4282 | D:5      | Offered knowledge of Magic Dart by Vehumet.
  4449 | D:5      | Found Tugifa's Gadget Gallery.
  4459 | D:5      | Noticed Grinder
  4463 | D:5      | Killed Grinder
  4464 | D:5      | Reached skill level 5 in Conjurations
  4526 | D:5      | Identified the +1 scale mail of the Shining One's Fury
                  | {rElec rF- rN+ Will+}
  4541 | D:5      | Found a runed translucent gate.
  4542 | D:5      | Found a runed translucent gate.
  4543 | D:5      | Found a runed translucent gate.
  4547 | D:5      | Noticed Galthrax's ghost (weakling OgDe)
  4719 | D:5      | Found an iron altar of Okawaru.
  4827 | D:3      | Killed Ijyb
  5027 | D:3      | Reached skill level 8 in Earth Magic
  5227 | D:3      | Offered knowledge of Searing Ray by Vehumet.
  5230 | D:3      | Reached skill level 5 in Fighting
  5457 | D:3      | Found a runed translucent door.
  5458 | D:3      | Noticed Crazy Yiuf
  5662 | D:3      | Killed Crazy Yiuf
  5910 | D:6      | Noticed a yak
  5910 | D:6      | Noticed a yak
  5911 | D:6      | Noticed a yak
  5912 | D:6      | Noticed a yak
  5913 | D:6      | Killed a yak
  5913 | D:6      | Noticed a yak
  5914 | D:6      | Reached XP level 9. HP: 44/54 MP: 7/17
  5928 | D:5      | Mangled by a yak

Illustrated notes

Levels and vault maps discovered:
D:1:      evilmike_arrival_plus, layout_loops_ring, serial_bayou_pond_e,
          minmay_misc_feat_diagonals, minmay_split_cup_large
D:2:      layout_rooms, hellmonk_ecumenical_altar_inner_sanctum
D:3:      cheibrodos_greedy_goblins, layout_basic,
          hangedman_abyss_or_decor_lesser_grid, guppyfry_early_orc_mine,
          uniq_ijyb, uniq_crazy_yiuf_cottage, uniq_terence
D:4:      gammafunk_cloud_chamber, layout_cave_pools, elyvilon_altar_1,
          mainiacjoe_overflow_large_starburst, marbit_many_paths,
          minmay_temple_entry_proselytizer
D:5:      layout_loops_ring, okawaru_altar_gauntlet_db,
          biasface_ghost_orc_armoury, nicolae_take_the_stairs,
          nicolae_shop_gadgets, uniq_grinder
D:6:      layout_gridville, nicolae_gozag_cash_rules_everything_around_me,
          serial_park_tiny_pond, minmay_misc_feat_columns, minmay_between,
          uniq_prince_ribbit1, uniq_duvessa
Temple:   compressed_dpeg_circular_temple

Skill      XL: |  1  2  3  4  5  6  7  8  9 |
---------------+----------------------------+-----
Earth Magic    | 4 5 6 8 |  8.3
Spellcasting   | 3 4 5 6 |  6.0
Conjurations   | 1 2 3 4 5 6 |  6.0
Fighting       | 2 3 5 |  5.4
Dodging        | |  1.5
Stealth        | |  2.1
Transmutations | |  0.7

Action                   |  1- 3 |  4- 6 |  7- 9 || total
-------------------------+-------+-------+-------++-------
Melee: Whip              |     8 |       |       ||     8
       Dagger            |    15 |       |       ||    15
       Punch             |     2 |     2 |       ||     4
       Short sword       |    16 |    27 |       ||    43
       Spear             |       |    21 |    19 ||    40
 Cast: Sandblast         |    27 |    47 |   100 ||   174
       Stone Arrow       |       |       |    20 ||    20
  Use: Scroll            |       |       |     2 ||     2
 Stab: Sleeping          |     2 |       |     1 ||     3
       Distracted        |       |     1 |       ||     1
Armor: Robe              |    19 |    31 |    24 ||    74
Dodge: Dodged            |    29 |    47 |    31 ||   107
Block: Buckler           |       |       |     1 ||     1
